 Dungeon Crawl Stone Soup version 0.20.1-1-g8b1a95d (webtiles) character file.

3137 vineage the Carver (level 9, -10/65 HPs)
             Began as a Demonspawn Fighter on Oct 11, 2017.
             Was a Believer of Okawaru.
             Mangled by Grum
             ... wielding a -2 glaive
              (17 damage)
             ... on level 8 of the Dungeon.
             The game lasted 00:11:09 (5374 turns).

vineage the Carver (Demonspawn Fighter)             Turns: 5374, Time: 00:11:10

Health: -10/65     AC: 10    Str: 18    XL:     9   Next: 61%
Magic:  0/9        EV:  8    Int:  8    God:    Okawaru [**....]
Gold:   370        SH: 10    Dex: 14    Spells: 8/8 levels left

rFire    + . .     SeeInvis .   a - +1 long sword
rCold    . . .     Gourm    .   c - +1 shield
rNeg     . . .     Faith    .   P - +0 scale mail
rPois    .         Spirit   +   t - +0 helmet
rElec    .         Reflect  .   o - scarf {Spirit}
rCorr    .         Harm     .   (no gloves)
MR       .....                  (no boots)
Stlth    +.........             j - amulet of regeneration
Regen    0.6/turn               H - +1 ring of slaying
MPRegen  0.2/turn               n - +2 ring of slaying

@: no status effects
A: talons 2, icy blue scales 1, dopey 1, fire resistance 1, sense surroundings 1
a: Heroism, Renounce Religion


You were on level 8 of the Dungeon.
You worshipped Okawaru.
Okawaru was pleased with you.
You were hungry.

You visited 2 branches of the dungeon, and saw 9 of its levels.

You collected 370 gold pieces.

Inventory:

Hand Weapons
 a - a +1 long sword (weapon)
Armour
 c - a +1 shield (worn)
 o - a scarf of spirit shield (worn)
 t - a +0 helmet (worn)
 P - a +0 scale mail (worn)
Jewellery
 h - an uncursed ring of stealth
 j - an amulet of regeneration (around neck)
 n - a +2 ring of slaying (right hand)
 p - an uncursed amulet of rage
 x - an uncursed ring of poison resistance
 B - an uncursed ring of wizardry
 H - a +1 ring of slaying (left hand)
 I - a +3 ring of strength {unknown}
 K - an uncursed amulet of the gourmand
Wands
 D - a wand of iceblast (6/15)
 E - a wand of paralysis (9/24)
 F - a wand of acid (4/15)
 J - a wand of lightning (4/15)
 L - a wand of flame (18/48)
 M - a wand of disintegration (8/24)
 R - a wand of polymorph (9/24)
Scrolls
 e - 3 scrolls of magic mapping
 g - 13 scrolls of remove curse
 k - 5 scrolls of teleportation
 C - a scroll of amnesia
Potions
 l - 4 potions of brilliance
 m - 2 potions of cancellation
 u - a potion of berserk rage {unknown}
 v - a potion of ambrosia {unknown}
 w - a potion of heal wounds {unknown}
 z - 2 potions of curing
 G - a potion of lignification {unknown}
 N - a potion of experience {unknown}
 O - a potion of invisibility {unknown}
Books
 d - a book of Cantrips

   Spells                             Type                      Level
   a - Confusing Touch                Hexes                        1
   b - Animate Skeleton               Necromancy                   1
   c - Summon Small Mammal            Summoning                    1
   d - Apportation                    Translocation                1
 y - a book of Conjurations

   Spells                             Type                      Level
   a - Magic Dart                     Conjuration                  1
   b - Searing Ray                    Conjuration                  2
   c - Dazzling Spray                 Conjuration/Hexes            3
   d - Fulminant Prism                Conjuration/Hexes            4
   e - Force Lance                    Conjuration/Translocation    4
   f - Iskenderun's Mystic Blast      Conjuration                  4
 A - a book of Air

   Spells                             Type                      Level
   a - Shock                          Conjuration/Air              1
   b - Swiftness                      Charms/Air                   2
   c - Static Discharge               Conjuration/Air              3
   d - Airstrike                      Air                          4
   e - Lightning Bolt                 Conjuration/Air              5
Comestibles
 f - 5 bread rations
 i - 2 royal jellies
 q - 5 meat rations
 r - 12 fruits


   Skills:
 + Level 4.0 Fighting
 + Level 10.9 Long Blades
 + Level 4.1 Armour
 + Level 1.6 Dodging
 + Level 2.9 Stealth
 + Level 3.6 Shields


You had 8 spell levels left.
You didn't know any spells.

Dungeon Overview and Level Annotations

Branches:
Dungeon (8/15)             Temple (1/1) D:7
   Lair: D:8-11

Altars:
Ashenzari
Dithmenos
Elyvilon
Kikubaaqudgha
Nemelex Xobeh
Okawaru
Qazlal
Ru
Sif Muna
Trog
Uskayaw
Xom
Zin
The Shining One

Annotations:
D:8 Grum


Innate Abilities, Weirdness & Mutations

You have razor-sharp toenails.
You are partially covered in icy blue scales. (AC +2)
Your flesh is heat resistant. (rF+)
You are dopey. (Int -2)
You passively map a small area around you.


Message History

The wolf is heavily wounded.
You block the wolf's attack. The wolf barely misses you.
You riposte.
You slash the wolf! You claw the wolf!
The wolf is almost dead.
The wolf closely misses you.
You riposte.
You closely miss the wolf. Your kick misses the wolf.
The wolf is almost dead.
The wolf bites you! You block Grum's attack.
The jackal barks!
The wolf closely misses you. You block the wolf's attack. x2
You open the door. The wolf bites you. The wolf bites you! The wolf misses you.
Found 9 gold pieces and a meat ration.
The wolf bites you but does no damage. Grum hits you from afar with a glaive!!
* * * LOW HITPOINT WARNING * * *
You block the wolf's attack.
There is an open door, spattered with blood here.
You feel better. You block the wolf's attack. The wolf bites you!
* * * LOW HITPOINT WARNING * * *
The wolf bites you but does no damage. Grum hits you from afar with a glaive!
You die...

* ##.# * * , ,...# *
*, * *#..# * , * *
#..####.# *, , , *
#....[..# ,
#####.########## # ,
....>...††...†.# ###.#
,
......########.##..$%#
..............hh@....+
,
....####.....#.h#....#
..### #.....##g#....#
, ### #...., #......#
# #...., ##.....# #
#... * ..(..# * # * *
#... , .###.# # , , *
*.# *.# * # * .. *,


You could see Grum, 2 wolves and a jackal.

Vanquished Creatures
  A two-headed ogre (D:7)
  Pikel (D:4)
  The ghost of Frank the Slasher, a novice OpFi (D:5)
  2 ice beasts
  2 phantoms
  A sky beast (D:5)
  An ogre (D:5)
  A wolf (D:8)
  A bullfrog (D:7)
  2 scorpions
  An electric eel (D:6)
  3 crimson imps
  6 hounds
  A quasit (D:6)
  3 orc priests
  A jelly (D:6)
  4 orc wizards
  A bullfrog skeleton (D:5)
  A centaur skeleton (D:6)
  An iguana (D:4)
  6 worker ants
  13 adders
  An adder skeleton (D:6)
  7 worms
  2 dart slugs
  2 leopard geckos
  26 orcs
  4 giant cockroaches
  8 goblins
  8 hobgoblins
  6 jackals
  5 kobolds
  A quokka (D:5)
  5 bats
  6 frilled lizards
  2 quokka skeletons (D:4)
  9 rats
146 creatures vanquished.

Vanquished Creatures (others)
  A bullfrog skeleton (D:4)
1 creature vanquished.

Grand Total: 147 creatures vanquished

Notes
Turn   | Place    | Note
-------+----------+-------------------------------------------
     0 | D:1      | vineage the Demonspawn Fighter began the quest for the Orb.
     0 | D:1      | Reached XP level 1. HP: 18/18 MP: 1/1
   149 | D:1      | Reached skill level 2 in Long Blades
   181 | D:1      | Gained mutation: Your flesh is heat resistant. (rF+) [demonic ancestry]
   181 | D:1      | Reached XP level 2. HP: 16/24 MP: 2/2
   616 | D:2      | Reached skill level 3 in Long Blades
   636 | D:2      | Reached XP level 3. HP: 25/29 MP: 3/3
   789 | D:2      | Found a sparkling altar of Nemelex Xobeh.
   847 | D:2      | Noticed a moth of wrath
   850 | D:2      | Found a bloodstained altar of Trog.
  1252 | D:2      | Gained mutation: You have sharp toenails. [demonic ancestry]
  1252 | D:2      | Reached XP level 4. HP: 35/35 MP: 4/4
  1310 | D:3      | Found a hide-covered altar of Uskayaw.
  1399 | D:3      | Reached skill level 4 in Long Blades
  1499 | D:3      | Found a shattered altar of Ashenzari.
  1683 | D:3      | Reached skill level 1 in Stealth
  1692 | D:3      | Gained mutation: You are partially covered in icy blue scales. (AC +2) [demonic ancestry]
  1692 | D:3      | Reached XP level 5. HP: 41/41 MP: 5/5
  1738 | D:3      | Reached skill level 5 in Long Blades
  2006 | D:4      | Reached XP level 6. HP: 30/47 MP: 2/6
  2064 | D:4      | Noticed a slave
  2065 | D:4      | Noticed Pikel
  2066 | D:4      | Noticed a slave
  2067 | D:4      | Noticed a slave
  2081 | D:4      | Noticed a slave
  2087 | D:4      | Killed Pikel
  2087 | D:4      | Reached skill level 7 in Long Blades
  2087 | D:4      | Reached XP level 7. HP: 27/52 MP: 2/7
  2527 | D:4      | Reached skill level 8 in Long Blades
  2819 | D:5      | Entered Level 5 of the Dungeon
  2830 | D:5      | Found an ancient bone altar of Kikubaaqudgha.
  2831 | D:5      | Found an iron altar of Okawaru.
  2841 | D:5      | Became a worshipper of Warmaster Okawaru
  2893 | D:5      | Reached XP level 8. HP: 32/58 MP: 2/8
  3006 | D:5      | Noticed Frank's ghost (novice OpFi)
  3369 | D:5      | Reached skill level 9 in Long Blades
  3569 | D:5      | Gained mutation: You have razor-sharp toenails. [mutagenic meat]
  3570 | D:5      | Gained mutation: You are dopey. (Int -2) [mutagenic meat]
  3571 | D:5      | Gained mutation: You passively map a small area around you. [mutagenic meat]
  3737 | D:5      | Killed Frank's ghost
  3737 | D:5      | Reached * piety under Okawaru
  3737 | D:5      | Reached skill level 10 in Long Blades
  3915 | D:6      | Found a shimmering altar of Xom.
  3977 | D:6      | Found a shadowy altar of Dithmenos.
  3994 | D:6      | Mutation became permanent: You have sharp toenails. [demonic ancestry]
  3994 | D:6      | Gained mutation: You have razor-sharp toenails. [demonic ancestry]
  3994 | D:6      | Reached XP level 9. HP: 60/64 MP: 9/9
  4134 | D:6      | Reached ** piety under Okawaru
  4355 | D:6      | Reached skill level 1 in Dodging
  4648 | D:7      | Found a staircase to the Ecumenical Temple.
  4668 | Temple   | Entered the Ecumenical Temple
  4682 | D:7      | Found a stormy altar of Qazlal.
  4879 | D:7      | Noticed a two-headed ogre
  4887 | D:7      | Killed a two-headed ogre
  5260 | D:7      | Found a white marble altar of Elyvilon.
  5261 | D:7      | Found a glowing golden altar of the Shining One.
  5262 | D:7      | Found a glowing silver altar of Zin.
  5362 | D:8      | Noticed Grum
  5374 | D:8      | Mangled by Grum

Skill      XL: |  1  2  3  4  5  6  7  8  9 |
---------------+----------------------------+-----
Long Blades    | 2 3 4 5 7 8 10 | 10.9
Stealth        | 1 2 |  2.9
Armour         | 4 |  4.1
Shields        | 3 |  3.6
Dodging        | 1 |  1.6
Fighting       | 4 |  4.0

Action                   |  1- 3 |  4- 6 |  7- 9 || total
-------------------------+-------+-------+-------++-------
Melee: Long sword        |   132 |   106 |   250 ||   488
       Kick              |       |    32 |    65 ||    97
  Use: Potion            |     3 |       |     3 ||     6
       Scroll            |     4 |     2 |     7 ||    13
 Stab: Sleeping          |       |       |     1 ||     1
  Eat: Chunk             |     1 |     3 |    14 ||    18
Armor: Scale mail        |    51 |    32 |   122 ||   205
Dodge: Dodged            |    25 |    30 |    69 ||   124
Block: Shield            |    56 |    43 |   108 ||   207
       Rpst.: Long sword |     7 |    12 |    22 ||    41
